cohdb
Replays
Latest Replays
All Replays
Popular Replays
Top Player Replays
Match Explorer
How It Works
Community
CoH3 Stats
Reddit
Sign in to upload your games and track your stats! →
Sign in with Steam
Match 47100627
Unlisted
Match 47100627
Overview
Messages
Build Orders
End
Kettenkrad Recon Vehicle
Construct Infanterie Kompanie
MG 42 Machine Gun Team
Grenadier Squad
Construct Panzergrenadier Kompanie
Selects Breakthrough Battlegroup
Selects Assault Grenadiers
251 Medium Carrier
Pak 40 Anti-tank Gun Team
MG 42 Bunker
Panzergrenadier Squad
Selects Smoke Bombing Run
MG 42 Bunker
Forward Retreat Point
Medical Bunker
Construct Panzer Kompanie
Panzer IV Medium Tank
Selects Rapid Production
Stoßtruppen Squad
Panzer Officer Quarters
Panzer IV Medium Tank
Selects Blitzkrieg
Stoßtruppen Squad
Side Skirts
Selects Incendiary Bombing Run
Incendiary Bombing Run
Stoßtruppen Squad
Pioneer Squad
Repair Bunker
Panzer IV Medium Tank
你的血.....呵呵
小桐乐
BieTaMaShuoYingYu
VinCo-CN
T0MMY
Pioneer Combine
UtataNation 🛌🌟🐉
Mumufei
0
0
Comments
sign in to comment!
No comments posted yet!